 Dungeon Crawl Stone Soup version 0.25-a0-934-g041635d5d1 (webtiles) character file.

Game seed: 7895956718163171846, levelgen mode: deterministic

13717 Azyl the Basher (level 11, -6/97 HPs)
             Began as a Grey Draconian Fire Elementalist on May 4, 2020.
             Was a Priest of Vehumet.
             Mangled by a hell rat (7 damage)
             ... while petrified by a basilisk
             ... on level 2 of the Lair of Beasts.
             The game lasted 01:23:04 (18028 turns).

Azyl the Basher (Grey Draconian Fire Elementalist) Turns: 18028, Time: 01:23:05

Health: -6/97      AC: 14    Str: 10    XL:     11   Next: 79%
Magic:  17/17      EV:  2    Int: 23    God:    Vehumet [***...]
Gold:   848        SH:  0    Dex: 13    Spells: 2/18 levels left

rFire    . . .     SeeInvis .   e - +6 flail (elec)
rCold    . . .     Gourm    .   g - +0 kite shield
rNeg     + + +     Faith    .   (armour unavailable)
rPois    ∞         Spirit   .   (helmet restricted)
rElec    .         Reflect  +   w - +0 cloak
rCorr    .         Harm     .   x - +0 pair of gloves
MR       .....                  (no boots)
Stlth    ++........             O - +6 amulet of reflection
HPRegen  0.26/turn              l - ring of wizardry
MPRegen  0.15/turn              z - +5 ring of intelligence

@: petrified, drained
A: walk through water, unfitting armour, unbreathing, cold-blooded, AC +12
a: Renounce Religion


You were on level 2 of the Lair of Beasts.
You worshipped Vehumet.
Vehumet was most pleased with you.
You were not hungry.

You visited 3 branches of the dungeon, and saw 14 of its levels.

You collected 848 gold pieces.

Inventory:

Hand Weapons
 e - a +6 flail of electrocution (weapon)
Missiles
 u - 13 silver javelins (quivered)
 K - 229 stones
Armour
 g - a +0 kite shield (worn)
 w - a +0 cloak (worn)
 x - a +0 pair of gloves (worn)
Jewellery
 l - a ring of wizardry (left hand)
 y - an uncursed amulet of magic regeneration
 z - a +5 ring of intelligence (right hand)
 A - a +6 ring of strength
 I - an uncursed ring of magical power
 O - a +6 amulet of reflection (around neck)
Wands
 f - a wand of scattershot (8)
 o - a wand of acid (6)
 r - a wand of flame (41)
 H - a wand of iceblast (20)
Scrolls
 c - 4 scrolls of amnesia
 n - 3 scrolls of fog
 q - 2 scrolls of teleportation
 v - a scroll of fear
 B - a scroll of enchant armour
 D - 6 scrolls of remove curse
 M - a scroll of magic mapping
Potions
 a - a potion of might
 d - a potion of mutation
 h - 3 potions of ambrosia
 i - 2 potions of lignification
 j - 3 potions of stabbing
 k - a potion of invisibility
 m - 2 potions of cancellation
 s - a potion of heal wounds
 C - a potion of berserk rage
 F - a potion of curing
 G - a potion of brilliance
 L - a potion of resistance
Comestibles
 b - 6 rations


   Skills:
 + Level 9.1(8.0) Fighting
   Level 1.0(6.0) Axes
 - Level 10.9(9.8) Maces & Flails
 - Level 5.0(4.1) Dodging
 - Level 1.7(0.9) Stealth
 * Level 5.7(4.8) Shields
 - Level 4.2(3.3) Spellcasting
 - Level 6.7(5.7) Conjurations
 - Level 7.8(6.7) Fire Magic
 - Level 0.6(0.0) Earth Magic


You had 2 spell levels left.
You knew the following spells:

 Your Spells              Type           Power        Failure   Level  Hunger
a - Foxfire               Conj/Fire      ####         1%          1    None
b - Conjure Flame         Conj/Fire      ####....     1%          3    ###....
c - Sticky Flame          Conj/Fire      ####....     3%          4    ####...
d - Fireball              Conj/Fire      ####......   10%         5    ######.
e - Sandblast             Erth           #.....       4%          1    None
f - Swiftness             Chrm/Air       #.......     26%         2    ##.....

Your spell library contained the following spells:

 Spells                   Type           Power        Failure   Level  Hunger
 Ignite Poison            Fire/Tmut/Pois ##......     5%          3    ###....
 Magic Dart               Conj           ####         1%          1    None
 Shock                    Conj/Air       ###.         1%          1    None
 Searing Ray              Conj           ####..       1%          2    ##.....
 Animate Skeleton         Necr           N/A          16%         1    None
 Pain                     Necr           #...         16%         1    None
 Inner Flame              Hex/Fire       ###.....     3%          3    ###....
 Dazzling Flash           Conj/Hex       ###...       4%          3    ###....
 Static Discharge         Conj/Air       ###.....     4%          3    ###....
 Fulminant Prism          Conj/Hex       ###.......   13%         4    ####...
 Iskenderun's Mystic Bla  Conj/Tloc      ###.....     13%         4    ####...
 Lightning Bolt           Conj/Air       ###.......   32%         5    ######.
 Airstrike                Air            #.........   36%         4    ####...
 Vampiric Draining        Necr           #.........   43%         3    ###....
 Animate Dead             Necr           N/A          82%         4    ####...
 Agony                    Necr           #.......     98%         5    ######.


Dungeon Overview and Level Annotations

Branches:
Dungeon (11/15)            Temple (1/1) D:5            Lair (2/6) D:9
  Swamp (0/4) Lair:2          Orc (0/2) D:10
  Snake: Lair:2-4    Spider: Lair:2-4

Altars:
Ashenzari
Cheibriados
Dithmenos
Elyvilon
Fedhas
Gozag
Hepliaklqana
Kikubaaqudgha
Makhleb
Nemelex Xobeh
Okawaru
Qazlal
Ru
Sif Muna
Trog
Uskayaw
Vehumet
Wu Jian
Xom
Yredelemnul
Zin
The Shining One

Shops:
D:10 [(

Annotations:
D:3 1 runed translucent door, Crazy Yiuf


Innate Abilities, Weirdness & Mutations

You can walk through water.
Your dull iron-grey scales are very hard. (AC +12)
You cannot fit into any form of body armour.
You can survive without breathing.
You are cold-blooded and may be slowed by cold attacks.


Message History

The rime drake bites you but does no damage.
The hell rat bites you!
* * * LOW HITPOINT WARNING * * *
The hell rat bites you.
* * * LOW HITPOINT WARNING * * *
The hell rat bites you.
* * * LOW HITPOINT WARNING * * *
The rime drake bites you.
* * * LOW HITPOINT WARNING * * *
The ice encasing you melts away. The hell rat bites you!
* * * LOW HITPOINT WARNING * * *
The hell rat bites you but does no damage. x2
The rime drake bites you but does no damage.
The hell rat bites you!!
* * * LOW HITPOINT WARNING * * *
The hell rat bites you!
* * * LOW HITPOINT WARNING * * *
The hell rat bites you!
You die...

..........##...#
..........######.%%
.........##...# ..
.........##...# .r
..............# .
P.#......#.##.# .##
#..#.....###.'####+.# ##.##
..#......##.....rrr.+.....!
...#.....##.....@kl.....%..
.........#...†..#r...#....#
.##......##.###.#r..## ####
.P##......##.###.....#
.......................
...........#............
.......................[.
.........................
.......................
.....S.


You could see a basilisk, a rime drake, 3 hell rats and 2 river rats.

Vanquished Creatures
  2 hydras
  A lindwurm (Lair:1)
  Pikel (D:6)
  A manticore (D:10)
  A deep elf mage (D:11)
  A black mamba (Lair:1)
  2 spiny frogs (Lair:1)
  A rime drake (Lair:1)
  A komodo dragon (Lair:1)
  2 bog bodies (Lair:2)
  A troll (D:10)
  4 hippogriffs
  A shadow (D:10)
  4 yaks (Lair:1)
  A hungry ghost (D:10)
  Edmund (D:5)
  A soldier ant (D:11)
  2 porcupines
  2 water moccasins
  4 black bears
  2 orc warriors (D:10)
  2 slaves (D:5)
  A necrophage (D:6)
  5 ice beasts
  6 sky beasts
  4 phantoms
  5 ogres
  3 wolves (Lair:1)
  9 centaurs
  5 crocodiles
  4 bullfrogs
  A wyvern skeleton (D:7)
  2 scorpions
  6 killer bees (D:10)
  6 howler monkeys (D:9)
  5 crimson imps
  A centaur skeleton (D:8)
  A hound (D:7)
  3 jellies
  5 orc priests
  3 bullfrog skeletons
  5 orc wizards
  12 worker ants
  3 iguanas
  A hound zombie (D:7)
  2 hound skeletons
  A worker ant zombie (D:5)
  12 gnolls
  12 adders
  A river rat (Lair:2)
  3 shadow imps
  An ooze (D:7)
  4 worms (D:3)
  2 dart slugs
  8 leopard geckos
  24 orcs
  5 giant cockroaches
  4 goblins
  4 hobgoblins
  8 jackals
  6 quokkas
  3 ball pythons
  9 bats
  5 frilled lizards
  A jackal skeleton (D:5)
  A jackal zombie (D:8)
  4 kobolds
  A quokka zombie (D:5)
  6 rats
261 creatures vanquished.

Vanquished Creatures (others)
  A cyclops (D:11)
  A crimson imp (D:6)
  An adder (D:6)
  A jackal (D:6)
  553 foxfires
557 creatures vanquished.

Grand Total: 818 creatures vanquished

Notes
Turn   | Place    | Note
-------+----------+-------------------------------------------
     0 | D:1      | Azyl the Draconian Fire Elementalist began the quest for
                  | the Orb.
     0 | D:1      | Reached XP level 1. HP: 14/14 MP: 3/3
   180 | D:1      | Reached XP level 2. HP: 20/20 MP: 1/5
  1404 | D:2      | Reached XP level 3. HP: 26/26 MP: 4/6
  2371 | D:3      | Reached XP level 4. HP: 5/33 MP: 3/8
  3459 | D:3      | Reached skill level 1 in Axes
  4094 | D:3      | Reached XP level 5. HP: 39/39 MP: 9/9
  4466 | D:3      | Found a runed translucent door.
  4467 | D:3      | Noticed Crazy Yiuf
  4725 | D:4      | Reached XP level 6. HP: 30/46 MP: 8/11
  4923 | D:4      | Reached skill level 5 in Fire Magic
  5674 | D:5      | Entered Level 5 of the Dungeon
  5773 | D:5      | Learned a level 3 spell: Conjure Flame
  6146 | D:5      | Your scales start taking on a dull iron-grey colour.
  6146 | D:5      | Reached XP level 7. HP: 42/51 MP: 11/13
  6146 | D:5      | Gained mutation: You can survive without breathing. [Grey
                  | Draconian growth]
  6242 | D:5      | Learned a level 4 spell: Sticky Flame
  6843 | D:5      | Noticed Edmund
  6872 | D:5      | Killed Edmund
  6892 | D:5      | Reached skill level 5 in Conjurations
  6966 | D:5      | Found a staircase to the Ecumenical Temple.
  6973 | Temple   | Entered the Ecumenical Temple
  7031 | Temple   | Became a worshipper of Vehumet
  7636 | D:5      | Reached XP level 8. HP: 46/58 MP: 14/14
  8189 | D:6      | Noticed Pikel
  8434 | D:6      | Killed Pikel
  8560 | D:6      | Reached skill level 1 in Fighting
  8560 | D:6      | Reached skill level 1 in Maces & Flails
  8619 | D:6      | Reached skill level 2 in Maces & Flails
  8943 | D:7      | Noticed a hippogriff
  8952 | D:7      | Killed a hippogriff
  8952 | D:7      | Reached skill level 3 in Maces & Flails
  8952 | D:7      | Reached XP level 9. HP: 67/67 MP: 10/15
  9100 | D:7      | Reached skill level 4 in Maces & Flails
  9397 | D:7      | Reached skill level 5 in Maces & Flails
  9586 | D:7      | Learned a level 5 spell: Fireball
  9900 | D:7      | Reached * piety under Vehumet
  9900 | D:7      | Offered knowledge of Sandblast by Vehumet.
 10006 | D:6      | Learned a level 1 spell: Sandblast
 10262 | D:8      | Reached skill level 6 in Maces & Flails
 10382 | D:8      | Found a shimmering altar of Xom.
 10638 | D:8      | Reached skill level 7 in Maces & Flails
 11379 | D:9      | Reached skill level 8 in Maces & Flails
 11469 | D:9      | Reached XP level 10. HP: 77/77 MP: 13/16
 11478 | D:9      | Offered knowledge of Searing Ray by Vehumet.
 11767 | D:9      | Reached ** piety under Vehumet
 12334 | D:9      | Found a staircase to the Lair.
 12693 | D:9      | Found a stormy altar of Qazlal.
 12763 | D:10     | Entered Level 10 of the Dungeon
 12789 | D:10     | Reached skill level 9 in Maces & Flails
 12959 | D:10     | Found Enuoph's Armour Emporium.
 12959 | D:10     | Found a staircase to the Orcish Mines.
 12962 | D:10     | Found Etigaxt's Weapon Emporium.
 13244 | D:10     | Offered knowledge of Static Discharge by Vehumet.
 13788 | Lair:1   | Entered Level 1 of the Lair of Beasts
 13926 | Lair:1   | Reached skill level 10 in Maces & Flails
 14224 | Lair:1   | Noticed a black mamba
 14233 | Lair:1   | Killed a black mamba
 14463 | Lair:1   | Noticed an eight-headed hydra
 14840 | D:11     | Reached skill level 5 in Fighting
 14840 | D:11     | Reached skill level 5 in Dodging
 15078 | D:11     | Reached XP level 11. HP: 86/86 MP: 6/17
 15241 | D:11     | Found a gate leading to a gauntlet.
 15262 | D:11     | Reached skill level 1 in Shields
 15828 | D:11     | Learned a level 2 spell: Swiftness
 15950 | D:11     | Reached *** piety under Vehumet
 16088 | D:11     | Noticed a deep elf mage
 16158 | D:11     | Killed a deep elf mage
 16677 | Lair:1   | Killed an eight-headed hydra
 17555 | Lair:2   | Found a staircase to the Swamp.
 17555 | Lair:2   | Noticed a lindwurm
 17564 | Lair:1   | Killed a lindwurm
 17564 | Lair:1   | Reached skill level 5 in Shields
 17832 | Lair:2   | Noticed an eight-headed hydra
 17848 | Lair:2   | Killed an eight-headed hydra
 17848 | Lair:2   | Offered knowledge of Ignite Poison by Vehumet.
 18027 | Lair:2   | HP: 4/97 [hell rat (9)]
 18027 | Lair:2   | HP: 1/97 [hell rat (3)]
 18028 | Lair:2   | Mangled by a hell rat

Levels and vault maps discovered:
D:1:      nicolae_arrival_somewhat_less_tricky_arrival, layout_basic,
          st_stairs_10, serial_bayou_pond_d
D:2:      layout_basic
D:3:      layout_basic, uniq_crazy_yiuf_cottage
D:4:      layout_gridville, first_ration
D:5:      layout_loops_ring, minmay_temple_entry_overgrown, uniq_edmund
D:6:      layout_cave_pools, uniq_pikel
D:7:      layout_basic, nrook_loot_triangle
D:8:      layout_gridville, basic_altar
D:9:      layout_loops_corners, nicolae_qazlal_eye_of_the_storm,
          lair_entry_dummy
D:10:     layout_basic, orc_david_3
D:11:     layout_roguey, gauntlet_entry_generic
Temple:   nicolae_temple_the_god_donut
Lair:1:   layout_roguey, beast_lair_carwin_11, grunt_megastairs_1
Lair:2:   layout_regular_city, skrybe_swamp_entry_bodies,
          kennysheep_abandoned_house

Skill      XL: |  1  2  3  4  5  6  7  8  9 10 11 |
---------------+----------------------------------+-----
Fire Magic     | 4 5 6 7 |  7.8
Axes           | 1 |  1.0
Spellcasting   | 3 4 |  4.2
Conjurations   | 2 3 5 6 |  6.7
Fighting       | 1 3 5 9 |  9.1
Maces & Flails | 3 8 10 | 10.9
Dodging        | 2 3 5 |  5.0
Shields        | 5 |  5.7
Stealth        | |  1.7
Earth Magic    | |  0.6

Action                   |  1- 3 |  4- 6 |  7- 9 | 10-12 || total
-------------------------+-------+-------+-------+-------++-------
Melee: Unarmed           |     1 |       |       |       ||     1
       Hand axe          |    62 |   217 |       |       ||   279
       Tailslap          |     6 |    22 |    27 |    15 ||    70
       Whip              |       |    10 |   213 |       ||   223
       Flail             |       |       |   112 |   187 ||   299
 Cast: Foxfire           |    36 |    95 |   111 |    74 ||   316
       Sticky Flame      |       |       |    24 |    58 ||    82
       Fireball          |       |       |     6 |     5 ||    11
       Sandblast         |       |       |     3 |     4 ||     7
       Conjure Flame     |       |       |     1 |     4 ||     5
       Swiftness         |       |       |       |     1 ||     1
  Use: Scroll            |     9 |     8 |    11 |     6 ||    34
       Potion            |       |       |       |     4 ||     4
 Stab: Sleeping          |     2 |       |       |     3 ||     5
       Distracted        |       |       |     1 |       ||     1
  Eat: Chunk             |     3 |     5 |     9 |    13 ||    30
       Ration            |     1 |     2 |     4 |     6 ||    13
Armor: Skin              |    28 |    80 |   167 |   118 ||   393
Dodge: Dodged            |    65 |   141 |   205 |   193 ||   604
Block: Other             |       |       |       |    29 ||    29
       Kite shield       |       |       |       |    31 ||    31
       Reflection        |       |       |       |     2 ||     2

Table legend:
 A = Non-vault XP
 B = Vault XP
 C = Vault XP percentage of total XP
 D = Non-vault monster count
 E = Vault monster count
 F = Vault count percentage of total count
                 A         B        C        D         E       F
            +---------+---------+-------+---------+---------+-------
      Total |   16817 |    2779 |  14.2 |     239 |      21 |   8.1
            +---------+---------+-------+---------+---------+-------
        D:1 |      22 |       7 |  24.1 |      13 |       3 |  18.8
        D:2 |      72 |       0 |   0.0 |      21 |       0 |   0.0
        D:3 |     130 |       0 |   0.0 |      24 |       0 |   0.0
        D:4 |     363 |       0 |   0.0 |      21 |       0 |   0.0
        D:5 |     892 |     157 |  15.0 |      21 |       1 |   4.5
        D:6 |     345 |     593 |  63.2 |       7 |       1 |  12.5
        D:7 |    1366 |       0 |   0.0 |      24 |       0 |   0.0
        D:8 |    1218 |       0 |   0.0 |      26 |       0 |   0.0
        D:9 |    1459 |       0 |   0.0 |      26 |       0 |   0.0
       D:10 |    2689 |     281 |   9.5 |      24 |       5 |  17.2
       D:11 |    2711 |       0 |   0.0 |      16 |       0 |   0.0
     Lair:1 |    4424 |    1179 |  21.0 |      14 |       7 |  33.3
     Lair:2 |    1126 |     562 |  33.3 |       2 |       4 |  66.7
            +---------+---------+-------+---------+---------+-------
